 Dungeon Crawl Stone Soup version 0.29-a0-925-g0a7a3d12f8 (webtiles) character file.

Game seed: 2436841764724879074

340 mcwallace the Ogre Mage (level 6, 0/61 HPs)
             Began as an Ogre Fire Elementalist on July 30, 2022.
             Was an Initiate of Vehumet.
             Slain by a gnoll
             ... wielding a +0 club
             ... led by a gnoll sergeant
              (3 damage)
             ... on level 5 of the Dungeon.
             The game lasted 00:08:54 (5401 turns).

mcwallace the Ogre Mage (Ogre Fire Elementalist)    Turns: 5401, Time: 00:08:54

Health: 0/61       AC:  3    Str: 13    XL:     6   Next: 56%
Magic:  0/11       EV: 10    Int: 24    God:    Vehumet [......]
Gold:   174        SH:  0    Dex:  9    Spells: 9/12 levels left

rFire   . . .      SeeInvis .   v - +2 whip (venom) {mace}
rCold   . . .      Faith    .   (no shield)
rNeg    . . .      Spirit   +   a - +0 robe
rPois   .          Reflect  .   (helmet restricted)
rElec   .          Harm     .   (no cloak)
rCorr   .          Rampage  .   (gloves unavailable)
Will    .....                   (boots unavailable)
Stlth   +.........              B - amulet of guardian spirit
HPRegen 0.20/turn               C - +6 ring of intelligence
MPRegen 0.12/turn               (no ring)

@: no status effects
A: large, unfitting armour, tough skin 1
a: Renounce Religion


You were on level 5 of the Dungeon.
You worshipped Vehumet.
Vehumet was noncommittal.
You visited 2 branches of the dungeon, and saw 6 of its levels.

You collected 174 gold pieces.


Innate Abilities, Weirdness & Mutations

You are too large for most types of armour.
You have tough skin. (AC +1)


   Skills:
 + Level 3.0 Fighting
 + Level 3.0 Dodging
 - Level 1.4 Stealth
 + Level 1.5 Shields
 + Level 3.6 Spellcasting
 + Level 2.3 Conjurations
 + Level 3.5 Fire Magic
 + Level 1.5 Ice Magic


You had 9 spell levels left.
You knew the following spells:

 Your Spells              Type           Power      Damage    Failure   Level
a - Foxfire               Conj/Fire      72%        2x1d7     3%          1
b - Scorch                Fire           42%        2d7       3%          2

Your spell library contained the following spells:

 Spells                   Type           Power      Damage    Failure   Level
 Conjure Flame            Conj/Fire      18%        6-21      9%          3
 Inner Flame              Hex/Fire       12%        N/A       14%         3
 Ozocubu's Armour         Ice            11%        N/A       16%         3
 Dazzling Flash           Conj/Hex       20%        N/A       19%         3
 Ignite Poison            Fire/Tmut/Pois 10%        N/A       19%         3
 Mephitic Cloud           Conj/Pois/Air  8%         N/A       22%         3
 Flame Wave               Conj/Fire      18%        2d7       30%         4
 Freezing Cloud           Conj/Ice/Air   5%         6-21      86%         5
 Metabolic Englaciation   Hex/Ice        4%         N/A       90%         5
 Agony                    Necr           4%         N/A       95%         5
 Silence                  Hex/Air        2%         N/A       95%         5
 Simulacrum               Ice/Necr       4%         N/A       100%        6

Inventory:

Hand Weapons
 e - a +0 hand axe {axe}
   (You found it on level 1 of the Dungeon)
 k - a +0 whip of holy wrath {mace}
   (You took it off a kobold on level 1 of the Dungeon)
 v - a +2 whip of venom (weapon) {mace}
   (You found it on level 3 of the Dungeon)
Missiles
 j - 33 stones {throwing}
 w - 3 boomerangs {throwing}
 x - 12 poisoned darts {throwing}
Armour
 a - a +0 robe (worn)
 s - a +0 robe
   (You found it on level 2 of the Dungeon)
 y - a +0 kite shield
   (You found it on level 3 of the Dungeon)
 G - a +0 robe
   (You found it on level 4 of the Dungeon)
Jewellery
 B - an amulet of guardian spirit (around neck)
   (You found it on level 4 of the Dungeon)
 C - a +6 ring of intelligence (left hand)
   (You found it on level 4 of the Dungeon)
Wands
 r - a wand of polymorph (10)
   (You found it on level 2 of the Dungeon)
Scrolls
 c - a scroll of vulnerability {unknown}
 f - a scroll of amnesia {unknown}
 h - 2 scrolls of identify {unknown}
 l - 5 scrolls of enchant armour {unknown}
 n - 2 scrolls of magic mapping {unknown}
 p - a scroll of immolation {unknown}
 q - a scroll of noise {unknown}
 u - a scroll of fear {unknown}
 E - a scroll of torment {unknown}
 F - a scroll of poison {unknown}
Potions
 d - a potion of curing {unknown}
 g - 2 potions of might {unknown}
 i - a potion of cancellation {unknown}
 m - 2 potions of lignification {unknown}
 o - 2 potions of flight {unknown}
 t - a potion of haste {unknown}
 z - 2 potions of brilliance {unknown}
 A - a potion of heal wounds {unknown}
 D - a potion of berserk rage {unknown}

Dungeon Overview and Level Annotations

Branches:
Dungeon (5/15) Zot: 24657  Temple (1/1) D:4 Zot: 5931

Altars:
Dithmenos
Elyvilon
Fedhas
Makhleb
Sif Muna
Uskayaw
Vehumet
Wu Jian
Xom
Zin
The Shining One

.. . .##
# ... .#
#.# #..
#.# .. #
#.#g#...#
#@gg).#
###.###
.. ##


You could see a gnoll sergeant (combustible) and 2 gnolls.


Message History

Confirm with . or Enter, or press ? or * to list all spells.
You miscast Scorch.
Nothing appears to happen.
The foxfire hits the hound.
The hound bites you. 😕 HP[-5] MP[-2]
You take 5 damage, and now have 54/59 hp.
You lost 2 mp, and now have 4/11 mp.
Casting: Scorch (safe; 3% risk of failure)
Confirm with . or Enter, or press ? or * to list all spells.
Flames lash the hound.
The hound's fire resistance burns away.
The hound barely misses you.
The hound completely misses you. 😕 MP[-2]
You lost 2 mp, and now have 2/11 mp.
Casting: Scorch (safe; 3% risk of failure)
Confirm with . or Enter, or press ? or * to list all spells.
Flames lash the gnoll sergeant.
The gnoll sergeant's fire resistance burns away.
The hound bites you but does no damage.
The gnoll sergeant misses you. 😕 HP[+1] MP[-2]
You lost 2 mp, and now have 0/11 mp.
Casting: Scorch (safe; 3% risk of failure)
Confirm with . or Enter, or press ? or * to list all spells.
You don't have enough magic to cast this spell.
You closely miss the hound. The hound misses you. The hound bites you.
The gnoll sergeant barely misses you. 😕 HP[-5]
You take 5 damage, and now have 50/59 hp.
You barely miss the hound. The hound closely misses you.
The gnoll sergeant hits you from afar with a +0 spear.
The iguana barely misses you. 😕 HP[-4] MP[+1]
You take 4 damage, and now have 46/59 hp.
You hit the hound.
The hound is poisoned.
The hound is no longer more vulnerable to fire.
The hound barely misses you. The hound bites you.
The gnoll sergeant barely misses you. The iguana bites you. 😮 HP[-2]
You take 2 damage, and now have 44/59 hp.
You hit the hound.
The hound looks as sick as possible!
The gnoll sergeant is no longer more vulnerable to fire.
You kill the hound!
Vehumet accepts your kill.
The gnoll sergeant hits you from afar with a +0 spear!
The iguana completely misses you.
Your Fighting skill increases to level 3!
Your Dodging skill increases to level 3! 😮 HP[-5]
You now have 61 max hp (+2).
You take 5 damage, and now have 39/61 hp.
You hit the iguana but do no damage.
The iguana is poisoned.
The gnoll sergeant barely misses you.
The iguana bites you but does no damage.
The gnoll barely misses you.
You closely miss the iguana.
The gnoll sergeant hits you from afar with a +0 spear!
* * * LOW HITPOINT WARNING * * *
The gnoll hits you but does no damage. The iguana barely misses you. 😨 HP[-11]
You take 11 damage, and now have 28/61 hp.
You hit the iguana but do no damage.
The iguana looks as sick as possible!
The gnoll sergeant closely misses you. The gnoll hits you with a +0 club.
* * * LOW HITPOINT WARNING * * *
The iguana closely misses you. 😨 HP[-4]
You take 4 damage, and now have 24/61 hp.
You hit the iguana but do no damage.
The iguana looks as sick as possible!
The gnoll sergeant hits you from afar with a +0 spear.
* * * LOW HITPOINT WARNING * * *
The iguana bites you!
* * * LOW HITPOINT WARNING * * *
The gnoll hits you but does no damage. 😱 HP[-17] MP[-1]
You take 17 damage, and now have 7/61 hp.
MASSIVE DAMAGE!! (PAUSE)
You lost 1 mp, and now have 0/11 mp.
Magic courses through your body.
The gnoll sergeant hits you from afar with a +0 spear!
* * * LOW HITPOINT WARNING * * *
The gnoll hits you but does no damage. The iguana barely misses you.
Your magical contamination has completely faded away. 😱 HP[-3] MP[+6]
You take 3 damage, and now have 4/61 hp.
You regained 6 mp, and now have 6/11 mp.
Casting: Scorch (safe; 3% risk of failure)
Confirm with . or Enter, or press ? or * to list all spells.
Flames lash the gnoll sergeant.
The gnoll sergeant's fire resistance burns away.
The gnoll sergeant barely misses you. The iguana closely misses you.
The gnoll barely misses you. 😱 MP[-1]
You lost 1 mp, and now have 5/11 mp.
Casting: Scorch (safe; 3% risk of failure)
Confirm with . or Enter, or press ? or * to list all spells.
Flames lash the iguana.
The iguana's fire resistance burns away.
You kill the iguana!
Vehumet accepts your kill.
The gnoll sergeant hits you from afar with a +0 spear.
* * * LOW HITPOINT WARNING * * *
The gnoll hits you with a +0 club.
You die...

Skill      XL: |  1  2  3  4  5  6 |
---------------+-------------------+-----
Conjurations   | 1 2 |  2.3
Fighting       | 1 2 3 |  3.0
Dodging        | 2 3 |  3.0
Fire Magic     | 3 |  3.5
Spellcasting   | 3 |  3.6
Ice Magic      | 1 |  1.5
Shields        | 1 |  1.5
Stealth        | |  1.4

Action                   |  1- 3 |  4- 6 || total
-------------------------+-------+-------++-------
Melee: Unarmed           |    22 |       ||    22
       Hand axe          |    22 |     3 ||    25
       Whip              |       |    25 ||    25
       Punch             |       |     2 ||     2
 Cast: Foxfire           |    69 |    87 ||   156
       Scorch            |       |    19 ||    19
  Use: Potion            |       |     1 ||     1
Armor: Robe              |    17 |    11 ||    28
Dodge: Dodged            |    24 |    35 ||    59

Levels and vault maps discovered:
D:1:      minmay_arrival_four_houses, layout_basic,
          hellmonk_ecumenical_altar_zigzags
D:2:      layout_rooms, basic_altar
D:3:      layout_rooms
D:4:      layout_loops_corners, old_standard_altar,
          minmay_temple_entry_offerings
D:5:      kennysheep_big_flooded_room, layout_basic, hangedman_ru_absence,
          uniq_grinder
Temple:   nicolae_temple_bog_church

Notes
Turn   | Place    | Note
-------+----------+-------------------------------------------
     0 | D:1      | mcwallace the Ogre Fire Elementalist began the quest for
                  | the Orb.
     0 | D:1      | Reached XP level 1. HP: 16/16 MP: 3/3
     0 | D:1      | magus.rc [v1.9.6]
   324 | D:1      | Reached skill level 1 in Conjurations
   650 | D:1      | Reached XP level 2. HP: 25/26 MP: 1/5
   722 | D:1      | Found a faded altar of an unknown god.
  1042 | D:1      | Reached skill level 1 in Fighting
  1042 | D:1      | Reached skill level 2 in Dodging
  1718 | D:2      | Found a shimmering altar of Xom.
  1893 | D:2      | Reached XP level 3. HP: 33/33 MP: 7/7
  2166 | D:2      | You add the spells Ignite Poison, Mephitic Cloud and
                  | Freezing Cloud to your library.
  2252 | D:2      | Learned a level 2 spell: Scorch
  2316 | D:3      | Reached skill level 3 in Fire Magic
  2538 | D:3      | Reached skill level 3 in Spellcasting
  2686 | D:3      | Reached XP level 4. HP: 33/42 MP: 5/8
  2696 | D:3      | HP: 7/42 [orc/+0 falchion (6)]
  3497 | D:3      | Reached skill level 2 in Fighting
  4054 | D:4      | Found a staircase to the Ecumenical Temple.
  4072 | D:4      | You pick up a book of the Senses and begin reading...
  4072 | D:4      | You add the spells Dazzling Flash, Agony and Silence to
                  | your library.
  4077 | Temple   | Entered the Ecumenical Temple
  4123 | Temple   | Became a worshipper of Vehumet
  4207 | D:4      | Noticed a necrophage
  4217 | D:4      | Killed a necrophage
  4218 | D:4      | Reached skill level 2 in Conjurations
  4218 | D:4      | Reached skill level 1 in Ice Magic
  4218 | D:4      | Reached XP level 5. HP: 45/50 MP: 0/10
  4369 | D:4      | Reached skill level 1 in Shields
  4504 | D:4      | Found a burning altar of Makhleb.
  4588 | D:4      | Noticed a phantom
  4593 | D:4      | Killed a phantom
  4594 | D:4      | Reached XP level 6. HP: 45/59 MP: 0/11
  4875 | D:4      | You pick up a book of Winter and begin reading...
  4875 | D:4      | You add the spells Ozocubu's Armour, Metabolic Englaciation
                  | and Simulacrum to your library.
  4965 | D:4      | Identified the +6 plate armour of the Gate {Contam rElec
                  | rN+ rCorr Str+10}
  5381 | D:5      | Entered Level 5 of the Dungeon
  5395 | D:5      | Reached skill level 3 in Fighting
  5395 | D:5      | Reached skill level 3 in Dodging
  5398 | D:5      | HP: 7/61 [iguana (13)]
  5401 | D:5      | HP: 3/61 [gnoll sergeant/+0 spear (1)]
  5401 | D:5      | Slain by a gnoll

Vanquished Creatures
  A phantom (D:4)
  A necrophage (D:4)
  A hound (D:5)
  2 iguanas
  A gnoll (D:5)
  6 adders
  4 worms
  3 dart slugs
  6 orcs (D:3)
  2 endoplasms
  A giant cockroach (D:3)
  5 goblins
  7 hobgoblins
  2 quokkas
  5 ball pythons
  4 bats
  3 frilled lizards
  6 kobolds
  4 rats
64 creatures vanquished.

Vanquished Creatures (others)
  257 foxfires
257 creatures vanquished.

Grand Total: 321 creatures vanquished

Table legend:
 A = Non-vault XP
 B = Vault XP
 C = Vault XP percentage of total XP
 D = Non-vault monster count
 E = Vault monster count
 F = Vault count percentage of total count
                 A         B        C        D         E       F
            +---------+---------+-------+---------+---------+-------
      Total |     521 |       0 |   0.0 |      64 |       0 |   0.0
            +---------+---------+-------+---------+---------+-------
        D:1 |      28 |       0 |   0.0 |      15 |       0 |   0.0
        D:2 |      16 |       0 |   0.0 |       8 |       0 |   0.0
        D:3 |     100 |       0 |   0.0 |      26 |       0 |   0.0
        D:4 |     284 |       0 |   0.0 |      12 |       0 |   0.0
        D:5 |      93 |       0 |   0.0 |       3 |       0 |   0.0
            +---------+---------+-------+---------+---------+-------

Illustrated notes

Table legend:
 A = Kills in this place as a percentage of kills in entire the game.
 B = Kills by you in this place as a percentage of kills by you in the entire game.
 C = Kills by friends in this place as a percentage of kills by friends in the entire game.
 D = Other kills in this place as a percentage of other kills in the entire game.
 E = Experience gained in this place as a percentage of experience gained in the entire game.
 F = Experience gained in this place divided by the number of levels of this place that you have seen.
                   A       B       C       D       E      F
               +-------+-------+-------+-------+-------+----------------------
         Total | 100.0 | 100.0 |   N/A |   N/A | 100.0 |  86.8
       Dungeon | 100.0 | 100.0 |   N/A |   N/A | 100.0 | 104.2
               +-------+-------+-------+-------+-------+----------------------

Table legend: (Time is in decaauts)
 A = Elapsed time spent in this place.
 B = Non-inter-level travel time spent in this place.
 C = Inter-level travel time spent in this place.
 D = Time resting spent in this place.
 E = Time spent auto-exploring this place.
 F = Levels seen in this place.
 G = Mean time per level.
                   A        B        C        D        E       F      G
               +--------+--------+--------+--------+--------+-----+--------+
         Total |   5410 |   5206 |    204 |    223 |   4425 |   6 |  901.7 |
       Dungeon |   5341 |   5156 |    185 |    223 |   4389 |   5 | 1068.2 |
        Temple |     68 |     49 |     19 |      0 |     36 |   1 |   68.0 |
               +--------+--------+--------+--------+--------+-----+--------+

Top non-repeatable levels by time:
     D:1: 1667 daAuts
     D:3: 1437 daAuts
     D:4: 1378 daAuts
     D:2: 837 daAuts
  Temple: 68 daAuts
     D:5: 20 daAuts
